Map: Frost LE

Players

Nickos - Winner!

  • Race: Terran Terran
  • League: Gold

Malequa

  • Race: Zerg Zerg
  • League: Gold

VOD

Have the link to the VOD?

Description

Time

  • Played on: Oct. 1, 2016, 6:01 p.m.
  • Length: 10:30
Show
View Real Time Build Order
Export as new Build Order

Nickos Terran - Winner!

Build Orders: Reaper Expand, MMM Bio 

Get SALT Encoding   

  12  0:00  SCV  
  13  0:13  SCV  
  14  0:18  Supply Depot  
  14  0:25  SCV  
  15  0:39  SCV  
  15  0:40  Barracks  
  16  0:45  Refinery  
  16  0:51  SCV  
  17  1:03  SCV  
  18  1:15  SCV  
  19  1:27  Reaper  
  19  1:29  Orbital Command  
  20  1:43  Command Center  
  20  1:55  Barracks  
  20  1:58  SCV  
  21  2:06  Barracks Reactor  
  21  2:09  Supply Depot  
  21  2:11  SCV  
  22  2:25  SCV  
  23  2:37  SCV, Factory  
  23  2:38  Refinery  
  23  2:42  Marine  
  25  2:44  Barracks Tech Lab  
  25  2:49  SCV  
  26  2:53  Marine  
  26  2:56  Bunker  
  27  3:01  SCV  
  27  3:03  Orbital Command  
  27  3:04  Marine  
  27  3:05  Marine  
  29  3:15  SCV  
  29  3:19  Marine  
  31  3:22  Stimpack, Marine  
  32  3:32  SCV x2  
  34  3:35  Starport  
  34  3:44  SCV  
  34  3:45  SCV  
  36  3:48  Factory Reactor  
  36  3:56  SCV, Marine x3  
  36  3:57  SCV  
  41  4:04  Supply Depot  
  41  4:07  Supply Depot  
  41  4:08  SCV  
  41  4:09  SCV  
  43  4:14  Marine  
  43  4:15  Marine x2  
  46  4:26  SCV x2  
  48  4:37  Marine x3  
  48  4:38  SCV x2  
  53  4:39  Supply Depot  
  53  4:45  Engineering Bay  
  53  4:46  Engineering Bay  
  53  4:57  SCV x2  
  53  4:58  Marine x2  
  53  4:59  Marine  
  58  5:00  Medivac  
  58  5:01  Medivac  
  58  5:02  Supply Depot  
  58  5:06  Supply Depot  
  62  5:09  SCV x2  
  62  5:13  Terran Infantry Weapons Level 1  
  64  5:16  Terran Infantry Armor Level 1  
  64  5:18  Marine x3  
  67  5:23  Command Center  
  67  5:26  Supply Depot, SCV  
  67  5:27  SCV  
  67  5:28  Combat Shields  
  69  5:34  Supply Depot  
  69  5:36  Widow Mine  
  69  5:37  Marine x2  
  69  5:38  Marine  
  74  5:55  Marine  
  75  6:02  Marine x2  
  77  6:08  Barracks x2  
  77  6:09  Barracks  
  77  6:11  Barracks  
  77  6:13  Marine  
  77  6:16  Medivac  
  77  6:17  Medivac  
  82  6:20  Supply Depot, Marine  
  82  6:21  Supply Depot  
  83  6:28  Armory  
  83  6:56  SCV x2  
  83  6:57  Orbital Command  
  83  6:58  Marine x3  
  83  7:00  Barracks Tech Lab x2  
  83  7:01  Barracks Reactor x2  
  85  7:03  Concussive Shells  
  85  7:16  Marine  
  82  7:23  Marine  
  82  7:24  Marine  
  82  7:25  Marauder x2  
  82  7:26  SCV  
  82  7:27  SCV x2  
  91  7:39  SCV  
  91  7:40  Marine x3  
  91  7:42  Marauder  
  91  7:43  SCV  
  97  7:46  Marauder  
  97  7:47  Marauder  
  97  7:51  SCV  
  100  7:52  Marine x3  
  100  7:53  Medivac  
  100  7:54  Orbital Command  
  100  7:58  Marine  
  106  8:00  SCV  
  106  8:03  Marauder, SCV  
  108  8:08  Marauder x2  
  108  8:09  Supply Depot  
  108  8:10  Supply Depot  
  112  8:15  Refinery  
  112  8:17  Refinery  
  112  8:19  Marine x5  
  116  8:20  Marine  
  116  8:25  Marauder  
  120  8:29  Marine x2  
  122  8:36  Medivac, Marine  
  122  8:38  Widow Mine  
  122  8:39  Marine  
  122  8:40  Marine x4  
  132  8:44  SCV x3  
  132  8:45  Supply Depot  
  132  8:46  Marine x2  
  129  9:00  Marine  
  129  9:01  Marine x4  
  129  9:02  Marine x2  
  136  9:04  Marauder  
  138  9:19  Marine x4  
  138  9:20  Marine x4  
  146  9:25  Marine  
  146  9:28  Barracks x2  
  146  9:30  Barracks, SCV  
  146  9:31  SCV x2  
  152  9:38  Marauder  
  152  9:39  Marauder  
  152  9:43  SCV x2  
  153  9:56  Marine x4  
  157  10:17  Barracks Tech Lab  
  157  10:18  Command Center, Barracks Reactor  
Show
View Real Time Build Order
Export as new Build Order

Malequa Zerg 

Build Orders: Hatch First 

Get SALT Encoding   

  12  0:01  Drone  
  13  0:08  Drone  
  14  0:36  Hatchery  
  14  0:41  Overlord  
  13  0:46  Drone  
  14  0:59  Drone x2  
  16  1:05  Drone  
  17  1:14  Drone  
  18  1:22  Extractor  
  18  1:24  Spawning Pool  
  16  1:26  Drone  
  17  1:38  Drone  
  18  1:48  Overlord  
  18  1:57  Drone x2  
  20  2:02  Drone  
  21  2:11  Drone x2  
  23  2:25  Drone x2  
  25  2:30  Metabolic Boost  
  25  2:32  Hatchery  
  24  2:38  Overlord  
  24  2:39  Drone  
  25  2:49  Zergling x2  
  26  2:52  Queen  
  25  3:06  Zergling x2  
  25  3:07  Zergling x2  
  26  3:13  Drone x4  
  30  3:22  Queen  
  30  3:24  Drone x2  
  34  3:33  Queen  
  36  3:38  Baneling Nest  
  36  3:39  Drone x2  
  37  3:45  Queen  
  37  3:47  Drone  
  37  3:48  Drone  
  41  3:50  Drone  
  41  3:55  Extractor  
  41  4:32  Drone x3, Overlord  
  41  4:33  Overlord x2  
  41  4:34  Drone x5  
  41  4:35  Drone  
  50  4:40  Extractor  
  50  4:43  Extractor  
  48  4:47  Roach Warren  
  47  4:55  Drone x7  
  47  4:56  Drone  
  55  5:10  Lair  
  55  5:30  Drone x6  
  55  5:31  Overlord x4  
  55  5:33  Drone x4  
  65  5:37  Extractor  
  65  5:38  Extractor  
  63  5:51  Drone x5  
  63  5:52  Drone x2  
  63  5:53  Overlord x3  
  63  5:54  Overlord  
  70  6:01  Zergling x2  
  70  6:02  Zergling x6  
  73  6:10  Drone x3  
  76  6:13  Evolution Chamber  
  76  6:14  Evolution Chamber  
  74  6:28  Zergling x6  
  74  6:29  Zergling x4  
  79  6:43  Zergling x2  
  79  6:44  Zergling x10  
  71  6:58  Zergling x18  
  72  7:08  Zergling x2  
  70  7:31  Zergling x10  
  70  7:36  Hatchery  
  60  7:49  Zergling x2  
  60  7:50  Zergling x4  
  55  8:04  Queen  
  55  8:05  Zergling x2  
  43  8:25  Zergling x6  
  43  8:26  Zergling x4  
  47  8:33  Baneling  
  47  8:34  Baneling x7  
  47  8:41  Spire  
  43  9:05  Drone x2  
  43  9:06  Drone x8  
  52  9:25  Drone  
  52  9:26  Drone x3  
  51  9:56  Mutalisk  
  51  9:57  Mutalisk x11  
Tags
 
Composition
MMM Bio
League
GoldGold
Matchup
TvZ
Replay Pack
Nickos replay
Add a new tag
Caveats
  • Supply blocks, unpowered buildings, or Contaminate may cause inaccurate times.
  • Supply counts are checked every 10 seconds.